 Dungeon Crawl Stone Soup version 0.29-a0-1009-g60c99734e7 (webtiles) character file.

Game seed: 6975354617544945330

69 Gwenloh the Digger (level 4, -8/35 HPs)
             Began as a Meteoran Earth Elementalist on Aug 8, 2022.
             Mangled by an iguana (12 damage)
             ... on level 3 of the Dungeon.
             The game lasted 00:11:16 (1175 turns).

Gwenloh the Digger (Meteoran Earth Elementalist)    Turns: 1175, Time: 00:11:17

Health: -8/35      AC:  2    Str: 10    XL:     4   Next: 70%
Magic:  7/10       EV: 13    Int: 18    God:
Gold:   149        SH:  0    Dex: 14    Spells: 6/9 levels left

rFire   + . .      SeeInvis .   f - +0 dagger
rCold   + . .      Faith    .   (no shield)
rNeg    . . .      Spirit   .   a - +0 robe
rPois   .          Reflect  .   (no helmet)
rElec   .          Harm     .   l - scarf {rC+ rF+}
rCorr   .          Rampage  .   (no gloves)
Will    .....                   (no boots)
Stlth   +.........              t - amulet of regeneration
HPRegen 0.91/turn               d - ring of flight
MPRegen 0.12/turn               (no ring)

@: flying, glowing
A: sense surroundings 1, otherworldly, glowing, explore regen
a: no special abilities


You were on level 3 of the Dungeon.
You visited 1 branch of the dungeon, and saw 3 of its levels.

You collected 149 gold pieces.

Inventory:

Hand Weapons
 f - a +0 dagger (weapon)
Missiles
 c - 22 stones
 h - 4 javelins
Armour
 a - a +0 robe (worn)
 l - a scarf of resistance (worn)
 q - a scarf of resistance
Jewellery
 d - a ring of flight (left hand)
 t - an amulet of regeneration (around neck)
Scrolls
 e - 2 scrolls of teleportation {unknown}
 g - 2 scrolls of enchant armour {unknown}
 m - 4 scrolls of identify {unknown}
 n - 2 scrolls of amnesia {unknown}
 r - 2 scrolls of magic mapping {unknown}
Potions
 b - a potion of magic
 i - a potion of degeneration {unknown}
 j - a potion of ambrosia {unknown}
 k - a potion of flight {unknown}
 o - a potion of mutation {unknown}
 p - a potion of brilliance {unknown}
 s - 2 potions of invisibility {unknown}
 u - 2 potions of curing {unknown}
 v - a potion of heal wounds {unknown}


   Skills:
 + Level 1.6 Fighting
 + Level 3.1 Dodging
 - Level 1.4 Stealth
 + Level 3.3 Spellcasting
 + Level 2.4 Transmutations
 + Level 4.1 Earth Magic


You had 6 spell levels left.
You knew the following spells:

 Your Spells              Type           Power      Damage    Failure   Level
a - Sandblast             Erth           36%        2d10      2%          1
b - Passwall              Tmut/Erth      11%        N/A       6%          2

Your spell library contained the following spells:

 Spells                   Type           Power      Damage    Failure   Level
 Sting                    Tmut/Pois      28%        1d4       10%         1
 Stone Arrow              Conj/Erth      20%        3d8       21%         3
 Blink                    Tloc           6%         N/A       24%         2
 Poisonous Vapours        Pois/Air       6%         N/A       24%         2
 Petrify                  Tmut/Erth      14%        N/A       38%         4
 Gell's Gravitas          Tloc           3%         N/A       43%         3
 Lesser Beckoning         Tloc           3%         N/A       43%         3
 Teleport Other           Tloc           3%         N/A       43%         3
 Olgreb's Toxic Radiance  Pois           3%         N/A       83%         4
 Manifold Assault         Tloc           3%         N/A       99%         5


Dungeon Overview and Level Annotations

Branches:
Dungeon (3/15) Zot: 565

Altars:

Shops:
D:3 (


Innate Abilities, Weirdness & Mutations

You passively map a small area around you.
You are easily found by Zot.
You glow in the dark.
You regain HP and MP as you explore.


Message History

Aim: an iguana (84% to hit)
The blast of sand hits the iguana.
The iguana is lightly wounded.
The iguana barely misses you.
Casting: Sandblast (safe; 2% risk of failure)
Confirm with . or Enter, or press ? or * to list all spells.
Aiming: Sandblast (safe; 2% risk of failure)
Press: ? - help, Shift-Dir - straight line, f/p - iguana
Aim: an iguana (lightly wounded, 84% to hit)
The blast of sand hits the iguana but does no damage.
The iguana is lightly wounded.
The iguana bites you! The iguana barely misses you.
Casting: Sandblast (safe; 2% risk of failure)
Confirm with . or Enter, or press ? or * to list all spells.
Aiming: Sandblast (safe; 2% risk of failure)
Press: ? - help, Shift-Dir - straight line, f/p - iguana
Aim: an iguana (lightly wounded, 84% to hit)
The blast of sand hits the iguana but does no damage.
The iguana is lightly wounded.
The iguana bites you! x2
* * * LOW HITPOINT WARNING * * *
Casting: Sandblast (safe; 2% risk of failure)
Confirm with . or Enter, or press ? or * to list all spells.
Aiming: Sandblast (safe; 2% risk of failure)
Press: ? - help, Shift-Dir - straight line, f/p - iguana
Aim: an iguana (lightly wounded, 84% to hit)
The blast of sand hits the iguana but does no damage.
The iguana is lightly wounded.
The iguana closely misses you. The iguana barely misses you.
Casting: Sandblast (safe; 2% risk of failure)
Confirm with . or Enter, or press ? or * to list all spells.
Aiming: Sandblast (safe; 2% risk of failure)
Press: ? - help, Shift-Dir - straight line, f/p - iguana
Aim: an iguana (lightly wounded, 84% to hit)
The blast of sand hits the iguana.
The iguana is moderately wounded.
The iguana bites you. The iguana bites you!
* * * LOW HITPOINT WARNING * * *
The iguana attacks as you move away! The iguana bites you!
You die...

, ,,#.#.# #.#..# ,
*#.#.####....#
#.####..........##
...........####.#
# *#...# #.#
.#.#.##..######.#
................#
,
####.##l#######.#
.. #.@.......#
*##* ###########


You could see an iguana.

Vanquished Creatures
  2 adders
  A dart slug (D:2)
  7 ball pythons
  5 bats
  5 endoplasms
  A giant cockroach (D:3)
  2 goblins
  7 hobgoblins
  3 quokkas
  A frilled lizard (D:1)
  5 kobolds
  6 rats
45 creatures vanquished.

Notes
Turn   | Place    | Note
-------+----------+-------------------------------------------
     0 | D:1      | Gwenloh the Meteoran Earth Elementalist began the quest for
                  | the Orb.
     0 | D:1      | Reached XP level 1. HP: 14/14 MP: 5/5
    83 | D:1      | Reached XP level 2. HP: 22/22 MP: 4/6
    86 | D:1      | Learned a level 2 spell: Passwall
   218 | D:1      | Found a faded altar of an unknown god.
   335 | D:1      | Reached XP level 3. HP: 27/27 MP: 6/8
   386 | D:1      | You fall into a shaft and drop 1 floor!
   395 | D:2      | Reached skill level 1 in Fighting
   395 | D:2      | Reached skill level 4 in Earth Magic
   666 | D:2      | Reached XP level 4. HP: 25/35 MP: 6/9
  1032 | D:3      | Found Dixzived's Antique Weapon Shop.
  1175 | D:3      | Mangled by an iguana

Illustrated notes

Levels and vault maps discovered:
D:1:      giann_horns, layout_loops_ring,
          shapermc_ecumenical_altar_mp_ritualfount
D:2:      minmay_recursive_quarters, layout_basic, nrook_campfire
D:3:      layout_loops_corners, old_standard_altar, serial_shops, shop,
          uniq_crazy_yiuf_cottage

Skill      XL: |  1  2  3 |
---------------+----------+-----
Spellcasting   | 3 |  3.3
Fighting       | 1 |  1.6
Earth Magic    | 4 |  4.1
Transmutations | 2 |  2.4
Dodging        | 3 |  3.1
Stealth        | |  1.4

Action                   |  1- 3 |  4- 6 || total
-------------------------+-------+-------++-------
Melee: Dagger            |     8 |     2 ||    10
 Cast: Sandblast         |    36 |    26 ||    62
       Passwall          |     5 |     8 ||    13
Armor: Robe              |     5 |     1 ||     6
Dodge: Dodged            |    14 |     9 ||    23

Table legend: (Time is in decaauts)
 A = Elapsed time spent in this place.
 B = Non-inter-level travel time spent in this place.
 C = Inter-level travel time spent in this place.
 D = Time resting spent in this place.
 E = Time spent auto-exploring this place.
 F = Levels seen in this place.
 G = Mean time per level.
                   A        B        C        D        E       F      G
               +--------+--------+--------+--------+--------+-----+--------+
         Total |   1234 |   1186 |     48 |      0 |      0 |   3 |  411.3 |
       Dungeon |   1234 |   1186 |     48 |      0 |      0 |   3 |  411.3 |
               +--------+--------+--------+--------+--------+-----+--------+

Top non-repeatable levels by time:
     D:1: 586 daAuts
     D:2: 473 daAuts
     D:3: 175 daAuts
